cohdb
Replays
Latest Replays
All Replays
Popular Replays
Top Player Replays
Match Explorer
How It Works
Community
CoH3 Stats
Reddit
Sign in to upload your games and track your stats! →
Sign in with Steam
Match 40963326
Unlisted
Match 40963326
Overview
Messages
Build Orders
End
Kradschützen Motorcycle Team
Panzerpioneer Squad
Selects Armored Support Battlegroup
Panzergrenadier Squad
Panzergrenadier Squad
Construct Light Support Kompanie
Fire Support Elements
Selects Superior Fire Drills
Flakvierling Half-track
Panzerjäger Mechanized Group
Vehicle Survival Package
Panzerpioneer Squad
Flakvierling Half-track
Veteran Squad Leaders
Selects Flammpanzer III Medium Tank
Flammpanzer III Medium Tank
Selects Salvage Kits
2.5-tonne Medical Truck
xizi20
Wolfe
0
0
Comments
sign in to comment!
No comments posted yet!